 Dungeon Crawl Stone Soup version 0.30.1-11-g7821555f0a (webtiles) character file.

Game seed: 9173094944373856713

18757 boopmooplesden the Basher (level 12, -2/110 HPs)
             Began as a Minotaur Fighter on Jan 14, 2024.
             Was a High Priest of Trog.
             Slain by a very large slime creature (47 damage)
             ... in an ice cave.
             The game lasted 00:18:33 (10949 turns).

boopmooplesden the Basher (Minotaur Fighter)       Turns: 10949, Time: 00:18:34

Health: -2/110     AC: 18    Str: 31    XL:     12   Next: 30%
Magic:  11/11      EV: 12    Int:  5    God:    Trog [*****.]
Gold:   745        SH:  6    Dex: 11    Spells: 11/11 levels left

rFire   . . .        u - +5 whip of the Well-Known Loafs {freeze, Str+6}
rCold   . . .        c - +0 buckler
rNeg    . . .        K - +0 chain mail
rPois   +            (helmet restricted)
rElec   .            (no cloak)
rCorr   +            z - +4 pair of gloves "Qehoxkuk" {Contam Rampage Will+++ rCorr}
SInv    .            (no boots)
Will    +++..        H - amulet of the acrobat Stlth
                     y - ring of poison resistance
HPRegen 0.38/turn    I - ring of flight
MPRegen 0.12/turn

%: acrobat, rampage
@: on berserk cooldown, flying, slowed, very slow
A: horns 2, retaliatory headbutt
a: Renounce Religion, Berserk, Trog's Hand, Brothers in Arms


You were in an ice cave.
You worshipped Trog.
Trog was extremely pleased with you.
You visited 2 branches of the dungeon, and saw 12 of its levels.
You also visited: Ice Cave.

You collected 745 gold pieces.

Inventory:

Hand Weapons
 a - a +1 spectral war axe
 u - the +5 whip of the Well-Known Loafs (weapon) {freeze, Str+6}
   (You found it on level 3 of the Dungeon)

   Str:       It affects your strength (+6).
 B - the +9 battleaxe of Moral Flaws {venom, rElec}
   (You found it on level 4 of the Dungeon)

   rElec:     It insulates you from electricity.
 N - a +5 heavy broad axe
Missiles
 J - 3 javelins (quivered)
Armour
 b - a +0 scale mail
 c - a +0 buckler (worn)
 z - the +4 pair of gloves "Qehoxkuk" (worn) {Contam Rampage Will+++ rCorr}
   (You found it on level 3 of the Dungeon)

   Contam:    It causes magical contamination when unequipped.
   rCorr:     It protects you from acid and corrosion.
   Rampage:   It bestows one free step when moving towards enemies.
   Will:      It greatly increases your willpower.
 K - a +0 chain mail (worn)
Jewellery
 f - a ring of magical power
 y - a ring of poison resistance (left hand)
 H - an amulet of the acrobat (around neck)
 I - a ring of flight (right hand)
 M - an amulet of regeneration
Wands
 e - a wand of charming (7)
 n - a wand of polymorph (3)
 t - a wand of quicksilver (10)
 v - a wand of flame (28)
 C - a wand of digging (1)
 E - a wand of roots (12)
Scrolls
 h - a scroll of teleportation
 i - 2 scrolls of noise
 k - a scroll of enchant weapon
 l - 3 scrolls of fog
 r - a scroll of fear
 s - 2 scrolls of identify
 w - 3 scrolls of magic mapping
 A - 2 scrolls of amnesia
Potions
 d - a potion of might
 g - a potion of flight
 j - 3 potions of mutation
 m - 5 potions of brilliance
 o - 2 potions of attraction
 p - a potion of berserk rage
 q - 2 potions of heal wounds
 x - 2 potions of ambrosia
 D - 2 potions of magic
 F - 7 potions of curing
 G - 2 potions of resistance
 L - a potion of cancellation


   Skills:
 + Level 11.6 Fighting
 + Level 4.2(9.6) Axes
 + Level 13.3(13.5) Maces & Flails
 + Level 12.9 Armour
 + Level 7.1 Dodging
 + Level 2.3 Stealth
 + Level 8.7 Shields
 + Level 0.5 Evocations


You had 11 spell levels left.
You didn't know any spells.
Your spell library contained the following spells:

 Spells                   Type           Power      Damage    Failure   Level
 Foxfire                  Conj/Fire      0%         2x1d4     86%         1
 Sandblast                Erth           0%         2d4       86%         1
 Passwall                 Tmut/Erth      0%         N/A       95%         2
 Ozocubu's Armour         Ice            0%         N/A       99%         3
 Stone Arrow              Conj/Erth      0%         3d7       99%         3
 Fireball                 Conj/Fire      0%         3d3       100%        5
 Metabolic Englaciation   Hex/Ice        0%         N/A       100%        5
 Plasma Beam              Fire/Air       0%         2x1d11    100%        6
 Simulacrum               Ice/Necr       0%         N/A       100%        6
 Starburst                Conj/Fire      0%         6d3       100%        6


Dungeon Overview and Level Annotations

Branches:
Dungeon (11/15)            Temple (0/1) D:5            Lair (1/5) D:10
    Orc (0/2) D:10          IceCv (1/1)

Altars:
Cheibriados
Dithmenos
Elyvilon
Gozag
Nemelex Xobeh
Okawaru
Ru
Trog
Wu Jian
Xom
Yredelemnul
The Shining One

Shops:
D:3 (   D:5 !=(=(   D:8 *(   D:9 :

Annotations:
D:9 2 transporters, BaconRulez's ghost, novice HuFi IceCv exclusion: ice statue


Innate Abilities, Weirdness & Mutations

You have a pair of horns on your head.
You reflexively headbutt those who attack you in melee.


Message History

You are exhausted.
You feel yourself slow down.
A slime creature comes into view.
The great orb of eyes simulacrum completely misses you.
You completely miss the great orb of eyes simulacrum.
You headbutt the great orb of eyes simulacrum, but do no damage.
You block the great orb of eyes simulacrum's attack.
A slime creature comes into view.
The slime creature quivers.
You hit the great orb of eyes simulacrum but do no damage.
You headbutt the great orb of eyes simulacrum, but do no damage.
The great orb of eyes simulacrum bites you.
The great orb of eyes simulacrum freezes you!!
You hit the great orb of eyes simulacrum but do no damage.
You headbutt the great orb of eyes simulacrum, but do no damage.
The slime creature hits you but does no damage.
Two slime creatures merge to form a large slime creature.
You hit the large slime creature. You freeze the large slime creature.
You headbutt the large slime creature!
The large slime creature is lightly wounded.
The great orb of eyes simulacrum bites you but does no damage.
You whack the large slime creature! You freeze the large slime creature.
You headbutt the large slime creature, but do no damage.
The large slime creature is moderately wounded.
A slime creature comes into view.
Two slime creatures merge to form a very large slime creature.
The great orb of eyes simulacrum bites you but does no damage.
The slime creature quivers.
You whack the very large slime creature!
You freeze the very large slime creature.
The very large slime creature is moderately wounded.
The very large slime creature barely misses you.
A slime creature comes into view.
You barely miss the very large slime creature.
The slime creature quivers.
You headbutt the very large slime creature!
The very large slime creature is moderately wounded.
The great orb of eyes simulacrum bites you but does no damage.
The very large slime creature hits you!!!
You die...

######...........####
#######........##
###.......##
####.....# . ##....#
... ###.....#
....###......##
...JJ.Z....###
......J@.###
##########


You could see a very large slime creature, 2 slime creatures and a great orb of
eyes simulacrum.

Vanquished Creatures
  2 quicksilver oozes (IceCv)
  A hydra (Lair:1)
  2 boulder beetles
  A two-headed ogre (D:7)
  An ugly thing (D:10)
  A manticore (D:11)
  An ice statue (IceCv)
  2 cane toads (Lair:1)
  An unseen horror (D:11)
  A komodo dragon (Lair:1)
  2 trolls
  A hornet (D:9)
  Grinder (D:5)
  11 slime creatures
  A wyvern (D:7)
  A vampire (D:10)
  A wraith (D:9)
  21 yaks
  2 vampire mosquitoes (D:11)
  5 steam dragons
  An acid dragon (D:11)
  3 water moccasins
  5 sky beasts
  4 orc warriors
  2 ice beasts
  2 great orb of eyes simulacra (IceCv)
  5 ogres
  A black bear (D:5)
  3 phantoms
  5 centaurs
  4 kobold brigands
  5 bullfrogs
  A gnoll sergeant (D:5)
  A scorpion (D:5)
  4 wights (D:9)
  3 glowing shapeshifter simulacra (IceCv)
  10 killer bees
  An electric eel (D:10)
  2 gnoll boudas
  4 jellies (D:7)
  4 orc priests
  6 hounds
  Ijyb (D:3)
  3 sleepcaps
  2 hell rats (Lair:1)
  5 iguanas (D:5)
  9 orc wizards
  A shapeshifter simulacrum (IceCv)
  11 gnolls
  6 adders
  8 river rats (Lair:1)
  A shadow imp (D:6)
  13 white imps
  4 dart slugs
  48 orcs
  5 bats
  14 endoplasms
  2 giant cockroaches
  8 goblins
  8 hobgoblins
  2 jackals (D:4)
  10 ball pythons
  5 frilled lizards
  20 kobolds
  10 rats
331 creatures vanquished.

Vanquished Creatures (others)
  A wight (D:9)
1 creature vanquished.

Grand Total: 332 creatures vanquished

Notes
Turn   | Place    | Note
-------+----------+-------------------------------------------
     0 | D:1      | boopmooplesden the Minotaur Fighter began the quest for the
                  | Orb.
     0 | D:1      | Reached XP level 1. HP: 19/19 MP: 0/0
   321 | D:1      | Reached XP level 2. HP: 27/27 MP: 1/1
   705 | D:2      | Found a faded altar of an unknown god.
   912 | D:2      | Reached XP level 3. HP: 26/33 MP: 2/2
  1466 | D:3      | Found a white marble altar of Elyvilon.
  1512 | D:3      | Identified the +5 whip of the Well-Known Loafs {freeze,
                  | Str+6}
  1596 | D:3      | Noticed Ijyb
  1604 | D:3      | Killed Ijyb
  1605 | D:3      | Reached XP level 4. HP: 24/41 MP: 3/3
  1688 | D:3      | Reached skill level 1 in Maces & Flails
  1828 | D:3      | Reached skill level 5 in Armour
  1832 | D:3      | Identified the +4 pair of gloves "Qehoxkuk" {Contam Rampage
                  | Will+++ rCorr}
  1977 | D:3      | Found Qoupa's Weapon Boutique.
  2141 | D:4      | Reached XP level 5. HP: 40/47 MP: 4/4
  2144 | D:4      | Reached skill level 2 in Maces & Flails
  2263 | D:4      | Noticed an ogre
  2268 | D:4      | Killed an ogre
  2269 | D:4      | Reached skill level 5 in Fighting
  2269 | D:4      | Reached XP level 6. HP: 21/56 MP: 5/5
  2473 | D:4      | Identified the +9 battleaxe of Moral Flaws {venom, rElec}
  2504 | D:4      | Found a sacrificial altar of Ru.
  2561 | D:4      | Reached skill level 1 in Dodging
  2748 | D:4      | Reached skill level 3 in Maces & Flails
  3032 | D:4      | Reached XP level 7. HP: 61/61 MP: 6/6
  3237 | D:5      | Entered Level 5 of the Dungeon
  3258 | D:5      | Found Puaniff's Antique Weapon Shop.
  3300 | D:5      | Reached skill level 4 in Maces & Flails
  3335 | D:5      | Found a sparkling altar of Nemelex Xobeh.
  3443 | D:5      | Found a bloodstained altar of Trog.
  3444 | D:5      | Found a shimmering altar of Xom.
  3448 | D:5      | Found an ornate altar of the Wu Jian Council.
  3451 | D:5      | Became a worshipper of Trog the Wrathful
  3459 | D:5      | Found a glowing golden altar of the Shining One.
  3461 | D:5      | Found a basalt altar of Yredelemnul.
  3463 | D:5      | Found a shadowy altar of Dithmenos.
  3464 | D:5      | Found an opulent altar of Gozag.
  3465 | D:5      | Noticed Grinder
  3475 | D:5      | Killed Grinder
  3476 | D:5      | Reached skill level 5 in Maces & Flails
  3634 | D:5      | Found Zadabras's Jewellery Shop.
  3688 | D:5      | Found Voclou's Distillery.
  3713 | D:5      | Found a staircase to the Ecumenical Temple.
  3801 | D:5      | Found Acvun's Jewellery Shoppe.
  3805 | D:5      | Found Bisul's Weapon Shop.
  3810 | D:5      | Reached skill level 6 in Maces & Flails
  3810 | D:5      | Reached XP level 8. HP: 69/70 MP: 7/7
  4116 | D:5      | Reached skill level 7 in Maces & Flails
  4264 | D:5      | Reached * piety under Trog
  4509 | D:5      | Reached skill level 8 in Maces & Flails
  4744 | D:6      | Reached XP level 9. HP: 61/78 MP: 8/8
  5160 | D:7      | Reached skill level 1 in Stealth
  5234 | D:7      | Reached skill level 9 in Maces & Flails
  5246 | D:7      | Noticed a two-headed ogre
  5247 | D:7      | Found an iron altar of Okawaru.
  5262 | D:7      | Killed a two-headed ogre
  5263 | D:7      | Reached skill level 5 in Shields
  5541 | D:7      | Reached skill level 10 in Maces & Flails
  5659 | D:7      | Reached XP level 10. HP: 83/88 MP: 9/9
  5659 | D:7      | Reached ** piety under Trog
  6154 | D:8      | Reached skill level 11 in Maces & Flails
  6154 | D:8      | Reached skill level 10 in Armour
  6548 | D:8      | Found Mootzurib's Weapon Emporium.
  6625 | D:8      | Found Xuwnoqia's Mayhem Merchandise.
  7000 | D:9      | Found Xiacvob's Book Shop.
  7105 | D:9      | Identified the +3 ring mail "Liquibb" {rC+++ rCorr Dex-5
                  | Stlth-}
  7191 | D:9      | Paralysed by a hornet for 2 turns
  7200 | D:9      | Paralysed by a hornet for 2 turns
  7460 | D:9      | Reached *** piety under Trog
  7526 | D:9      | Found a transporter.
  7711 | D:9      | Noticed a two-headed ogre
  7712 | D:9      | Noticed BaconRulez's ghost (novice HuFi)
  7716 | D:9      | Noticed a two-headed ogre
  7716 | D:9      | Noticed a two-headed ogre
  7719 | D:9      | Found a transporter.
  7798 | D:9      | Noticed a two-headed ogre
  7799 | D:9      | Identified the +0 dire flail of the Orcish Mines {venom,
                  | Int+3}
  7799 | D:9      | Noticed a two-headed ogre
  7900 | D:10     | Entered Level 10 of the Dungeon
  7957 | D:10     | Reached skill level 12 in Maces & Flails
  7968 | D:10     | Found a staircase to the Orcish Mines.
  7987 | D:10     | Reached **** piety under Trog
  8186 | D:10     | Noticed a boulder beetle
  8249 | D:10     | Killed a boulder beetle
  8415 | D:10     | Reached XP level 11. HP: 93/97 MP: 10/10
  8440 | D:10     | Reached skill level 5 in Dodging
  8626 | D:10     | Found a snail-covered altar of Cheibriados.
  8642 | D:10     | Found a staircase to the Lair.
  8738 | D:10     | Noticed a cyan ugly thing
  8749 | D:10     | Killed a cyan ugly thing
  9168 | D:11     | Noticed a boulder beetle
  9216 | D:11     | Killed a boulder beetle
  9437 | D:11     | Found an ornate altar of the Wu Jian Council.
  9632 | D:11     | Reached skill level 10 in Fighting
 10072 | Lair:1   | Entered Level 1 of the Lair of Beasts
 10211 | Lair:1   | Noticed a seven-headed hydra
 10222 | Lair:1   | Killed a seven-headed hydra
 10223 | Lair:1   | Reached skill level 13 in Maces & Flails
 10257 | Lair:1   | Reached ***** piety under Trog
 10274 | Lair:1   | Found a frozen archway.
 10327 | IceCv    | Entered an ice cave
 10367 | IceCv    | Reached XP level 12. HP: 79/110 MP: 11/11
 10527 | IceCv    | Noticed a quicksilver ooze
 10537 | IceCv    | Killed a quicksilver ooze
 10537 | IceCv    | Received a gift from Trog
 10654 | IceCv    | Noticed a quicksilver ooze
 10667 | IceCv    | Killed a quicksilver ooze
 10949 | IceCv    | Slain by a very large slime creature

Illustrated notes

Levels and vault maps discovered:
D:1:      wander_arrival_chamber, layout_basic
D:2:      layout_basic, hellmonk_ecumenical_altar_arch_garden
D:3:      layout_basic, mainiacjoe_overflow_brackets, serial_shops, shop,
          wander_ebering_terrifying_dragon_lair, uniq_ijyb
D:4:      minmay_spotlight, layout_loops_corners, overflow_temple_1_default,
          skrybe_limestone_x, st_stairs_14, minmay_between
D:5:      minmay_chambers_of_threes, layout_basic,
          nicolae_overflow_hallway_of_the_gods, temple_pool_b, serial_shops,
          nicolae_shop_scrapyard, shop, nicolae_shop_hallway_stairs,
          nicolae_shop_industrial_runoff, nicolae_shop_real_fake_doors,
          uniq_grinder
D:6:      layout_gridville, reono_crystal_passage, nicolae_titane
D:7:      cheibrodos_fertilizer, layout_basic, mainiacjoe_overflow_24_doors,
          hangedman_misty_isle
D:8:      layout_loops_ring, serial_shops, nicolae_shop_bloodbath_and_beyond,
          chequers_serial_rivers_marsh, minmay_shop_mayhem
D:9:      layout_roguey, serial_shops, shop, gammafunk_ghost_smash,
          minmay_crystal_water, lemuel_flame_loot_1
D:10:     layout_cave_pools, kennysheep_slug_shrine, lair_entry_dummy,
          hiddenorc2_lemuel, serial_park, serial_park_paths
          [serial_park_minivault_5x5_7], serial_park_tiny_pond,
          serial_park_tiny_2, serial_park_square1 [serial_park_minivault_5x5_3],
          serial_park_tiny_1
D:11:     layout_rooms, minivault_27, nicolae_wu_jian_glorious_leap
Lair:1:   dragon1_lemuel, layout_hall_layers, portal_ice_cave_entry_imps,
          kennysheep_abandoned_house, lemuel_fruit_tree
IceCv:    ice_cave_hellmonk_azure_passage

Skill      XL: |  1  2  3  4  5  6  7  8  9 10 11 12 |
---------------+-------------------------------------+-----
Fighting       | 4 5 6 7 9 11 | 11.6
Axes           | 3 4 |  4.2
Armour         | 4 5 7 8 9 10 12 | 12.9
Shields        | 4 5 6 8 |  8.7
Maces & Flails | 1 2 3 6 8 10 12 13 | 13.3
Dodging        | 1 2 3 4 6 7 |  7.1
Stealth        | 1 2 |  2.3
Evocations     | |  0.5

Action                     |  1- 3 |  4- 6 |  7- 9 | 10-12 || total
---------------------------+-------+-------+-------+-------++-------
  Melee: War axe           |    69 |       |       |       ||    69
         Headbutt          |     8 |    13 |    29 |   162 ||   212
         Whip              |    11 |    98 |   207 |   622 ||   938
 Invoke: Berserk           |       |       |     1 |     5 ||     6
  Evoke: Wand              |       |       |     2 |       ||     2
    Use: Scroll            |       |       |    15 |     9 ||    24
         Potion            |       |       |     1 |     1 ||     2
 Armour: Scale mail        |    34 |    35 |    72 |    98 ||   239
         Chain mail        |       |       |       |    70 ||    70
  Dodge: Dodged            |    35 |    35 |    86 |   208 ||   364
  Block: Buckler           |    18 |    13 |    29 |   102 ||   162
